 Dungeon Crawl Stone Soup version 0.24-a0-361-g57161393b2 (webtiles) character file.

Game seed: 14706905850668164327

26 theanonym the Magician (level 3, -2/21 HPs)
             Began as an Octopode Wizard on May 26, 2019.
             Slain by a worm (10 damage)
             ... on level 1 of the Dungeon.
             The game lasted 00:01:23 (1130 turns).

theanonym the Magician (Octopode Wizard)            Turns: 1130, Time: 00:01:24

Health: -2/21      AC:  1    Str:  1    XL:     3   Next: 8%
Magic:  0/8        EV: 13    Int: 21    God:
Gold:   30         SH:  0    Dex: 10    Spells: 5/9 levels left

rFire    . . .     SeeInvis .   g - +0 short sword
rCold    . . .     Gourm    .   (no shield)
rNeg     . . .     Faith    .   a - +0 hat
rPois    .         Spirit   .   (no amulet)
rElec    .         Reflect  .   c - -5 ring of strength (curse)
rCorr    .         Harm     .   (no ring)
MR       .....                  (no ring)
Stlth    +++.......             (no ring)
HPRegen  0.07/turn              (no ring)
MPRegen  0.11/turn              (no ring)
                                (no ring)
                                (no ring)

@: very slightly contaminated
A: almost no armour, stealthy swim, amphibious, 8 rings, constrict 8, camouflage
1, gelatinous body 1
a: no special abilities


Innate Abilities, Weirdness & Mutations

You cannot wear most types of armour.
You are very stealthy in the water. (Stealth+)
You are amphibious.
You can wear up to eight rings at the same time.
You can use your tentacles to constrict eight enemies at once.
Your skin changes colour to match your surroundings (Stealth+).
Your rubbery body absorbs attacks. (AC +1, EV +1)


   Skills:
 - Level 2.0 Dodging
 - Level 2.6 Stealth
 + Level 3.5 Spellcasting
 + Level 2.1 Conjurations
   Level 1.0 Summonings
   Level 1.0 Translocations
 + Level 0.0 Air Magic
 + Level 0.0 Poison Magic


You had 5 spell levels left.
You knew the following spells:

 Your Spells              Type           Power        Failure   Level  Hunger
a - Magic Dart            Conj           ##..         5%          1    None
d - Mephitic Cloud        Conj/Pois/Air  #.......     28%         3    ###....

Your spell library contained the following spells:

 Spells                   Type           Power        Failure   Level  Hunger
 Blink                    Tloc           N/A          13%         2    ##.....
 Call Imp                 Summ           #.......     13%         2    ##.....
 Slow                     Hex            #.......     19%         2    ##.....
 Conjure Flame            Conj/Fire      #.......     24%         3    ###....

Skill      XL: |  1  2 |
---------------+-------+-----
Conjurations   | 2 |  2.1
Dodging        | |  2.0
Stealth        | |  2.6
Spellcasting   | |  3.5
Summonings     | |  1.0
Translocations | |  1.0

Action                   || total
-------------------------++-------
Melee: Unarmed           ||     9
       Short sword       ||    20
       Constrict         ||     4
 Cast: Magic Dart        ||    32
       Mephitic Cloud    ||     2
 Stab: Sleeping          ||     2
       Confused          ||     2
Armor: Skin              ||     2
Dodge: Dodged            ||    12

Inventory:

Hand Weapons
 g - a +0 short sword (weapon)
Armour
 a - a +0 hat (worn)
Jewellery
 c - a cursed -5 ring of strength (left tentacle)
Scrolls
 d - a scroll of fear {unknown}
 f - a scroll of enchant armour {unknown}
 h - a scroll of identify {unknown}
Comestibles
 e - 3 rations


You were on level 1 of the Dungeon.
You were hungry.

You visited 1 branch of the dungeon, and saw 1 of its levels.

You collected 30 gold pieces.

Dungeon Overview and Level Annotations

Branches:
Dungeon (1/15)

Altars:

#.#### #......#
#.# #......# #.#
#....... #.#
######## #.#
#...>.. #.#
#.#####
####.#######.#####
#.................
#@##########.#####
#w# #.##### #○#
#...... #'#
####### #.# #.#
#.# #.# #.#


You could see a worm.

Notes
Turn   | Place    | Note
-------+----------+-------------------------------------------
     0 | D:1      | theanonym the Octopode Wizard began the quest for the Orb.
     0 | D:1      | Reached XP level 1. HP: 11/11 MP: 4/4
   184 | D:1      | Reached XP level 2. HP: 17/17 MP: 4/6
   619 | D:1      | Reached skill level 2 in Conjurations
   815 | D:1      | Reached XP level 3. HP: 21/21 MP: 7/7
   960 | D:1      | HP: 10/21 [worm (11)]
   980 | D:1      | Learned a level 3 spell: Mephitic Cloud
  1124 | D:1      | HP: 8/21 [worm (8)]
  1130 | D:1      | Slain by a worm

Vanquished Creatures
  An ooze (D:1)
  A dart slug (D:1)
  A leopard gecko (D:1)
  A giant cockroach (D:1)
  3 goblins (D:1)
  A hobgoblin (D:1)
  3 bats (D:1)
  3 frilled lizards (D:1)
  A kobold (D:1)
  6 rats (D:1)
21 creatures vanquished.

Table legend:
 A = Turns spent in this place as a percentage of turns spent in the entire game.
 B = Non-inter-level travel turns spent in this place as a percentage of non-inter-level travel turns spent in the entire game.
 C = Inter-level travel turns spent in this place as a percentage of turns spent in this place.
 D = Turns resting spent in this place as a percentage of non-inter-level travel turns spent in this place.
 E = Turns spent auto-exploring this place as a percentage of non-inter-level travel turns spent in this place.
 F = Non-inter-level travel turns spent in this place divided by the number of levels of this place that you've seen.
                   A       B       C       D       E      F
               +-------+-------+-------+-------+-------+----------------------
         Total | 100.0 | 100.0 |   0.0 |  40.2 |  48.0 | 1130.0
       Dungeon | 100.0 | 100.0 |   0.0 |  40.2 |  48.0 | 1130.0
               +-------+-------+-------+-------+-------+----------------------
